 Dungeon Crawl Stone Soup version 0.30-a0-779-g7971cf19c3 (webtiles) character file.

Game seed: 1993678758389730712

131 Smoke131 the Sneak (level 4, -7/24 HPs)
             Began as a Vampire Enchanter on Feb 18, 2023.
             Mangled by Grinder (9 damage)
             ... while paralysed by Grinder
             ... on level 3 of the Dungeon.
             The game lasted 00:06:36 (1578 turns).

Smoke131 the Sneak (Vampire Enchanter)              Turns: 1578, Time: 00:06:36

Health: -7/24      AC:  6    Str:  9    XL:     4   Next: 91%
Magic:  5/8        EV:  2    Int: 20    God:
Gold:   131        SH:  0    Dex: 16    Spells: 3/8 levels left

rFire   . . .      SeeInvis +    f - +0 short sword (vamp)
rCold   + + .      Faith    .    (no shield)
rNeg    + + +      Spirit   .    l - +3 leather armour of the Barber Surgeon {Str+2 Int+3}
rPois   ∞          Reflect  .    (no helmet)
rElec   .          Harm     .    (no cloak)
rCorr   .          Rampage  .    (no gloves)
Will    .....                    (no boots)
Stlth   +++++                    (no amulet)
HPRegen 0.00/turn                (no ring)
MPRegen 0.11/turn                (no ring)

@: paralysed, very slightly contaminated, bloodless, inhibited regen
A: bloodless, fangs 3, see invisible, vampiric 2
a: Bat Form, Revivify


You were on level 3 of the Dungeon.
You visited 1 branch of the dungeon, and saw 4 of its levels.

You collected 131 gold pieces.

Inventory:

Hand Weapons
 f - a +0 vampiric short sword (weapon)
Missiles
 e - a throwing net (quivered)
 m - 3 poisoned darts
Armour
 l - the +3 leather armour of the Barber Surgeon (worn) {Str+2 Int+3}
   (You found it on level 2 of the Dungeon)

   Str:       It affects your strength (+2).
   Int:       It affects your intelligence (+3).
Scrolls
 a - a scroll of fog {unknown}
 d - 5 scrolls of teleportation {unknown}
 g - 2 scrolls of immolation {unknown}
 h - a scroll of vulnerability {unknown}
 i - 3 scrolls of identify {unknown}
 o - a scroll of magic mapping {unknown}
 p - a scroll of amnesia {unknown}
 q - a scroll of butterflies {unknown}
Potions
 b - a potion of magic {unknown}
 j - 3 potions of heal wounds {unknown}
 k - a potion of degeneration {unknown}
 n - a potion of curing {unknown}


   Skills:
 - Level 2.0 Short Blades
 + Level 3.2 Dodging
 + Level 5.7 Stealth
 + Level 2.8 Spellcasting
 + Level 5.4 Hexes


You had 3 spell levels left.
You knew the following spells:

 Your Spells              Type           Power      Damage    Failure   Level
a - Ensorcelled Hibernat  Hex/Ice        26%        N/A       10%         2
b - Confusing Touch       Hex            24%        N/A       7%          3

Your spell library contained the following spells:

 Spells                   Type           Power      Damage    Failure   Level
 Tukima's Dance           Hex            24%        N/A       7%          3
 Dazzling Flash           Conj/Hex       26%        N/A       21%         3
 Borgnjor's Revivificati  Necr           Unusable   N/A       N/A         8
 Necromutation            Tmut/Necr      Unusable   N/A       N/A         8
 Death's Door             Necr           Unusable   N/A       N/A         9

Dungeon Overview and Level Annotations

Branches:
Dungeon (4/15)
 Temple: D:4-7

Altars:
Wu Jian

Annotations:
D:3 1 runed translucent door, Grinder; bakla's ghost, weakling DsHW


Innate Abilities, Weirdness & Mutations

You do not regenerate when monsters are visible.
You are frail without blood (-20% HP).
You can heal yourself when you bite living creatures.
You are immune to poison.
You have razor-sharp teeth.
You have supernaturally acute eyesight. (SInv)
You are afflicted with vampirism and can become a bat while bloodless.


Message History

You flicker for a moment.
You continue memorising. x2
You finish memorising.
Spell assigned to 'b'.
You barely miss Grinder.
Grinder is heavily wounded.
Grinder zaps a wand.
You resist with some effort.
You hit Grinder.
Grinder is heavily wounded.
Grinder rolls her eyes.
Grinder closely misses you.
You hit Grinder but do no damage. Your bite misses Grinder.
Grinder is heavily wounded.
Grinder hits you.
You catch the helpless Grinder completely off-guard!
You puncture Grinder!
Grinder is almost dead.
You flicker back into view.
Grinder zaps a wand.
Casting: Ensorcelled Hibernation (safe; 10% risk of failure)
Confirm with . or Enter, or press ? or * to list all spells.
The spell is quite dangerous to miscast (7% risk of failure)!
Continue anyway? [Y]es or [N]o only, please.
The spell is quite dangerous to miscast (7% risk of failure)!
Continue anyway? [Y]es or [N]o only, please.
The spell is quite dangerous to miscast (7% risk of failure)!
Continue anyway?
You miscast Confusing Touch.
You are very lightly contaminated with residual magic.
Nothing appears to happen.
Grinder zaps a wand.
You closely miss Grinder.
Grinder is almost dead.
Grinder hits you.
You barely miss Grinder.
Grinder is almost dead.
Grinder gestures at you.
You suddenly lose the ability to move!
Grinder zaps a wand. x2
Grinder hits you!
* * * LOW HITPOINT WARNING * * *
Grinder hits you!
You die...

########### ###.........#
............# ≈≈≈≈≈.......#
.$..≈$......#
≈.≈≈.≈..@....####
≈.≈..§≈.≈...5......###
≈.≈._§≈§§.....?[##)..#
≈.≈...≈.≈.............
≈.≈≈≈≈≈.≈.............
≈......§§§.............
≈≈§≈≈≈§§≈§............#
.......§§.............#####
.##......................##


You could see Grinder.

Vanquished Creatures
  A howler monkey (D:4)
  3 adders (D:2)
  A shadow imp (D:4)
  3 worms (D:2)
  3 dart slugs
  5 ball pythons
  2 bats (D:2)
  An endoplasm (D:3)
  2 giant cockroaches (D:2)
  3 goblins (D:1)
  5 hobgoblins
  5 frilled lizards
  8 kobolds
  6 rats
48 creatures vanquished.

Notes
Turn   | Place    | Note
-------+----------+-------------------------------------------
     0 | D:1      | Smoke131 the Vampire Enchanter began the quest for the Orb.
     0 | D:1      | Reached XP level 1. HP: 13/13 MP: 3/3
   158 | D:1      | Reached XP level 2. HP: 15/15 MP: 5/5
   173 | D:1      | Learned a level 2 spell: Ensorcelled Hibernation
   576 | D:2      | Gained mutation: You are afflicted with vampirism and can
                  | become a bat while bloodless. [Vampire growth]
   576 | D:2      | Reached XP level 3. HP: 19/19 MP: 6/6
   638 | D:2      | Reached skill level 5 in Stealth
   723 | D:2      | Reached skill level 5 in Hexes
   723 | D:2      | Identified the +3 leather armour of the Barber Surgeon
                  | {Str+2 Int+3}
   828 | D:2      | Reached XP level 4. HP: 24/24 MP: 4/7
  1277 | D:3      | Found a faded altar of an unknown god.
  1350 | D:3      | Found a runed translucent door.
  1350 | D:3      | Noticed bakla's ghost (weakling DsHW)
  1351 | D:3      | You fall into a shaft and drop 1 floor!
  1535 | D:3      | Found an ornate altar of the Wu Jian Council.
  1543 | D:3      | Noticed Grinder
  1559 | D:3      | Paralysed by Grinder for 3 turns
  1567 | D:3      | Learned a level 3 spell: Confusing Touch
  1574 | D:3      | Paralysed by Grinder for 4 turns
  1578 | D:3      | Mangled by Grinder

Illustrated notes

Levels and vault maps discovered:
D:1:      wander_arrival_desolate, layout_basic, serial_glass, glass_columns_a,
          glass_columns_b, minmay_misc_feat_x
D:2:      layout_basic, st_stairs_2, chequers_serial_rivers_small_3
D:3:      layout_rooms, mainiacjoe_overflow_concentric_impassable,
          hellmonk_ghost_happy_afterlife, ebering_ecumenical_altar_abandoned,
          uniq_grinder
D:4:      layout_rooms, kennysheep_mini_moat

Skill      XL: |  1  2  3  4 |
---------------+-------------+-----
Stealth        | 5 |  5.7
Short Blades   | 2 |  2.0
Hexes          | 5 |  5.4
Dodging        | 3 |  3.2
Spellcasting   | |  2.8

Action                     |  1- 3 |  4- 6 || total
---------------------------+-------+-------++-------
  Melee: Dagger            |    24 |       ||    24
         Bite              |     5 |     7 ||    12
         Short sword       |    53 |    72 ||   125
         Punch             |     1 |       ||     1
   Cast: Ensorcelled Hiber |     1 |       ||     1
Ability: Exsanguinate      |     1 |       ||     1
    Use: Potion            |     1 |     1 ||     2
   Stab: Invisible         |     2 |     3 ||     5
         Sleeping          |    17 |     5 ||    22
 Armour: Robe              |    15 |       ||    15
         Leather armour    |     2 |    13 ||    15
  Dodge: Dodged            |    36 |    27 ||    63

Table legend: (Time is in decaauts)
 A = Elapsed time spent in this place.
 B = Non-inter-level travel time spent in this place.
 C = Inter-level travel time spent in this place.
 D = Time resting spent in this place.
 E = Time spent auto-exploring this place.
 F = Levels seen in this place.
 G = Mean time per level.
                   A        B        C        D        E       F      G
               +--------+--------+--------+--------+--------+-----+--------+
         Total |   1566 |   1511 |     55 |     26 |    923 |   4 |  391.5 |
       Dungeon |   1566 |   1511 |     55 |     26 |    923 |   4 |  391.5 |
               +--------+--------+--------+--------+--------+-----+--------+

Top non-repeatable levels by time:
     D:2: 804 daAuts
     D:1: 465 daAuts
     D:3: 156 daAuts
     D:4: 139 daAuts
